 Dungeon Crawl Stone Soup version 0.27-a0-46-g34d46f0a3f (webtiles) character file.

Game seed: 7027320536023081847

2766 kae the Grappler (level 9, -4/73 HPs)
             Began as a Demonspawn Gladiator on Jan 6, 2021.
             Slain by a killer bee (9 damage)
             ... on level 7 of the Dungeon.
             The game lasted 00:06:26 (8143 turns).

kae the Grappler (Demonspawn Gladiator)             Turns: 8143, Time: 00:06:26

Health: -4/73      AC:  9    Str: 19    XL:     9   Next: 42%
Magic:  0/9        EV: 12    Int:  9    God:
Gold:   365        SH:  0    Dex: 14    Spells: 8/8 levels left

rFire    . . .     SeeInvis +     - Unarmed
rCold    . . .     Faith    .   (no shield)
rNeg     . . .     Spirit   +   a - +0 leather armour
rPois    .         Reflect  .   b - +0 helmet
rElec    .         Harm     .   w - +2 cloak
rCorr    .         Rampage  .   (no gloves)
Will     .....                  (no boots)
Stlth    +.........             l - amulet of regeneration
HPRegen  0.62/turn              p - ring of see invisible
MPRegen  0.11/turn              (no ring)

@: mighty, flying
A: talons 1, icy blue scales 1, spiny 2, magic shield
a: no special abilities


You were on level 7 of the Dungeon.
You visited 1 branch of the dungeon, and saw 7 of its levels.

You collected 365 gold pieces.

Inventory:

Missiles
 c - 5 throwing nets (quivered)
Armour
 a - a +0 leather armour (worn)
 b - a +0 helmet (worn)
 w - a +2 cloak (worn)
Jewellery
 l - an amulet of regeneration (around neck)
 p - a ring of see invisible (left hand)
Wands
 k - a wand of enslavement (14)
 m - a wand of paralysis (8)
 q - a wand of flame (32)
Scrolls
 d - a scroll of enchant weapon
 e - 4 scrolls of remove curse
 f - a scroll of fog
 g - 3 scrolls of teleportation
 i - 3 scrolls of identify
 j - a scroll of amnesia
 s - a scroll of magic mapping {unknown}
 t - a scroll of fear
 u - a scroll of enchant armour {unknown}
Potions
 h - 4 potions of curing
 n - 2 potions of magic
 o - a potion of heal wounds
 r - 3 potions of resistance


   Skills:
 + Level 7.7 Fighting
 - Level 1.7 Throwing
 - Level 2.6 Dodging
 * Level 10.1 Unarmed Combat


You had 8 spell levels left.
You didn't know any spells.
Your spell library contained the following spells:

 Spells                   Type           Power        Failure   Level
 Beastly Appendage        Tmut           0%           43%         1
 Corona                   Hex            0%           43%         1
 Ensorcelled Hibernation  Hex/Ice        0%           58%         2
 Wereblood                Tmut           0%           58%         2
 Confusing Touch          Hex            0%           82%         3
 Dazzling Flash           Conj/Hex       0%           82%         3
 Spider Form              Tmut/Pois      0%           82%         3
 Tukima's Dance           Hex            0%           82%         3
 Ice Form                 Ice/Tmut       0%           99%         4
 Blade Hands              Tmut           0%           100%        5


Dungeon Overview and Level Annotations

Branches:
Dungeon (7/15)
 Temple: D:4-7

Altars:
Cheibriados
Nemelex Xobeh
Ru
Sif Muna
Xom
The Shining One


Innate Abilities, Weirdness & Mutations

You have sharp toenails.
You are partially covered in icy blue scales. (AC +2)
You are mostly covered in sharp spines.
When hurt, damage is shared between your health and your magic reserves.


Message History

* * * LOW HITPOINT WARNING * * *
You barely miss Harold. Your kick misses Harold.
Harold is severely wounded.
You punch Harold! You claw Harold.
Harold is almost dead.
Harold is struck by your spines.
You kill Harold!
Harold gasps with his last breath, "I wish I had worked less..."
Your Unarmed Combat skill increases to level 10!
What are your orders? t - Shout!
Orders for allies: a - Attack new target. r - Retreat! s - Stop attacking. g - Guard the area. f - Follow me.
Anything else - Cancel.
Okay, then.
It was a potion of flight.
You feel very buoyant.
You fly up into the air.
The killer bee stings you!
You die...

#+##.#.# ###
##..##### ..#
#....... #.#
######## #.#
#.# #.# ###
####.# .... #
##.##@# .....
##
##...#y##......
####.
#.....y.'.yy.y.
+....
##...#.##......
###..
##.##.###.....
#.# #.......#
.... #.#
#.#...#.# ...
#.# #.#.###.#
#+# #.#
#.......#
#.#######.#


You could see 2 killer bees.

Vanquished Creatures
  Harold (D:7)
  Prince Ribbit (D:7)
  Duvessa (D:7)
  2 sky beasts (D:5)
  An ice beast (D:5)
  An ogre (D:4)
  A centaur (D:6)
  2 bullfrogs
  Dowan (D:7)
  A killer bee (D:7)
  2 howler monkeys
  A bullfrog zombie (D:6)
  Crazy Yiuf (D:6)
  3 jellies
  2 hounds (D:4)
  4 orc priests
  A bullfrog skeleton (D:5)
  A centaur skeleton (D:4)
  6 orc wizards
  An iguana (D:6)
  2 worker ants
  A hound skeleton (D:7)
  A worker ant zombie (D:7)
  Robin (D:2)
  9 gnolls
  12 adders
  A shadow imp (D:5)
  A white imp (D:5)
  An ooze (D:3)
  An adder skeleton (D:7)
  3 worms
  A dart slug (D:2)
  5 leopard geckos
  26 orcs
  6 bats
  8 giant cockroaches
  15 goblins
  10 hobgoblins
  9 jackals
  2 quokkas
  5 frilled lizards
  A jackal zombie (D:7)
  6 kobolds
  A quokka skeleton (D:4)
  10 rats
172 creatures vanquished.

Notes
Turn   | Place    | Note
-------+----------+-------------------------------------------
     0 | D:1      | kae the Demonspawn Gladiator began the quest for the Orb.
     0 | D:1      | Reached XP level 1. HP: 16/16 MP: 1/1
   195 | D:1      | Reached skill level 3 in Unarmed Combat
   344 | D:1      | Gained mutation: You are partially covered in icy blue
                  | scales. (AC +2) [demonic ancestry]
   344 | D:1      | Reached XP level 2. HP: 12/22 MP: 2/2
  1406 | D:2      | Reached XP level 3. HP: 7/28 MP: 3/3
  2008 | D:2      | Noticed Robin
  2310 | D:2      | Killed Robin
  2311 | D:2      | Reached skill level 4 in Unarmed Combat
  2311 | D:2      | Gained mutation: When hurt, damage is shared between your
                  | health and your magic reserves. [demonic ancestry]
  2311 | D:2      | Reached XP level 4. HP: 33/34 MP: 4/4
  3532 | D:3      | Found a sparkling altar of Nemelex Xobeh.
  3775 | D:3      | Reached XP level 5. HP: 41/41 MP: 5/5
  4578 | D:3      | Reached skill level 5 in Unarmed Combat
  4956 | D:4      | Gained mutation: You are partially covered in sharp spines.
                  | [demonic ancestry]
  4956 | D:4      | Reached XP level 6. HP: 45/48 MP: 6/6
  5292 | D:4      | Found a glowing golden altar of the Shining One.
  5352 | D:4      | Reached skill level 6 in Unarmed Combat
  5528 | D:5      | Entered Level 5 of the Dungeon
  5531 | D:5      | Noticed a sky beast
  5573 | D:6      | Reached XP level 7. HP: 14/55 MP: 1/7
  5828 | D:5      | Reached skill level 5 in Fighting
  6038 | D:5      | Reached skill level 7 in Unarmed Combat
  6277 | D:5      | Gained mutation: You are mostly covered in sharp spines.
                  | [demonic ancestry]
  6277 | D:5      | Reached XP level 8. HP: 57/63 MP: 6/8
  6740 | D:6      | Found a shimmering altar of Xom.
  6748 | D:6      | Found a snail-covered altar of Cheibriados.
  6823 | D:6      | Reached skill level 8 in Unarmed Combat
  7018 | D:6      | Found a runed translucent door.
  7019 | D:6      | Noticed Crazy Yiuf
  7123 | D:6      | Killed Crazy Yiuf
  7346 | D:7      | Noticed Duvessa
  7346 | D:7      | Noticed Dowan
  7357 | D:7      | Killed Duvessa
  7375 | D:7      | Killed Dowan
  7675 | D:7      | Reached skill level 9 in Unarmed Combat
  7752 | D:7      | Found a sacrificial altar of Ru.
  7929 | D:7      | Found a shimmering blue altar of Sif Muna.
  8051 | D:7      | Noticed Prince Ribbit
  8057 | D:7      | Killed Prince Ribbit
  8058 | D:7      | Gained mutation: You have sharp toenails. [demonic
                  | ancestry]
  8058 | D:7      | Reached XP level 9. HP: 56/72 MP: 6/9
  8126 | D:7      | Noticed Harold
  8140 | D:7      | HP: 3/72 [Harold/+0 halberd (8)]
  8142 | D:7      | Killed Harold
  8143 | D:7      | Reached skill level 10 in Unarmed Combat
  8143 | D:7      | Slain by a killer bee

Illustrated notes

Levels and vault maps discovered:
D:1:      tarquinn_simple_flora_water_e, layout_basic, serial_bayou_pond_a,
          roderic_three_in_a_row, chequers_serial_rivers_large_a,
          kennysheep_minor_cross
D:2:      layout_basic, uniq_robin
D:3:      layout_loops_cross, nemelex_xobeh_ov_fountains_minmay, minivault_4
D:4:      layout_gridville, lemuel_doored_altar, chequers_hall_statues_wall_a
D:5:      layout_loops_ring
D:6:      layout_rooms, minitemple, uniq_crazy_yiuf_cottage
D:7:      layout_loops_corners, led_sif_pool,
          minmay_temple_entry_enclosed_plants, nicolae_ru_path_of_blood,
          uniq_duvessa, uniq_harold, uniq_prince_ribbit1

Skill      XL: |  1  2  3  4  5  6  7  8  9 |
---------------+----------------------------+-----
Unarmed Combat | 3 4 5 6 7 9 10 | 10.1
Fighting       | 3 4 5 7 |  7.7
Throwing       | |  1.7
Dodging        | |  2.6

Action                   |  1- 3 |  4- 6 |  7- 9 || total
-------------------------+-------+-------+-------++-------
Melee: Unarmed           |   149 |   248 |   242 ||   639
       Punch             |     2 |     5 |     7 ||    14
       Kick              |       |       |     4 ||     4
Throw: Throwing net      |       |       |     1 ||     1
  Use: Potion            |     2 |     3 |     4 ||     9
       Scroll            |       |    14 |       ||    14
 Stab: Sleeping          |     1 |     1 |     2 ||     4
       Held in net/web   |       |       |     1 ||     1
Armor: Leather armour    |    59 |    80 |    41 ||   180
Dodge: Dodged            |   107 |   167 |   102 ||   376

Table legend: (Time is in decaauts)
 A = Elapsed time spent in this place.
 B = Non-inter-level travel time spent in this place.
 C = Inter-level travel time spent in this place.
 D = Time resting spent in this place.
 E = Time spent auto-exploring this place.
 F = Levels seen in this place.
 G = Mean time per level.
                   A        B        C        D        E       F      G
               +--------+--------+--------+--------+--------+-----+--------+
         Total |   8092 |   7891 |    201 |   1177 |   5494 |   7 | 1156.0 |
       Dungeon |   8092 |   7891 |    201 |   1177 |   5494 |   7 | 1156.0 |
               +--------+--------+--------+--------+--------+-----+--------+

Top non-repeatable levels by time:
     D:2: 1931 daAuts
     D:3: 1443 daAuts
     D:1: 1404 daAuts
     D:5: 998 daAuts
     D:7: 958 daAuts
     D:4: 723 daAuts
     D:6: 632 daAuts
